 Dungeon Crawl Stone Soup version 0.31-a0-182-gc5ef74bbde (webtiles) character file.

Game seed: 18180332062030673670

51 qw the Shooter (level 3, -2/32 HPs)
             Began as a Naga Hunter on June 20, 2023.
             Shot with a sling bullet by a goblin (3 damage)
             ... on level 2 of the Dungeon.
             The game lasted 00:00:20 (948 turns).

qw the Shooter (Naga Hunter)                         Turns: 948, Time: 00:00:20

Health: -2/32      AC:  2    Str: 13    XL:     3   Next: 83%
Magic:  3/3        EV:  9    Int:  9    God:
Gold:   78         SH:  0    Dex: 16    Spells: 2/2 levels left

rFire   . . .        Y - +0 shortbow
rCold   . . .        (shield currently unavailable)
rNeg    . . .        c - +0 leather armour
rPois   +            (no helmet)
rElec   .            (no cloak)
rCorr   .            (no gloves)
SInv    +            (no barding)
Will    .....        (no amulet)
Stlth   ++           (no ring)
HPRegen 0.25/turn    (no ring)
MPRegen 0.08/turn

%: no passive effects
@: very slow
A: AC +1, large, see invisible, deformed body, poison resistance, slowness 2,
spit poison 1, naga tail 1
a: Spit Poison


You were on level 2 of the Dungeon.
You visited 1 branch of the dungeon, and saw 2 of its levels.

You collected 78 gold pieces.


Innate Abilities, Weirdness & Mutations

Your serpentine skin is tough. (AC +1)
You have supernaturally acute eyesight. (SInv)
Armour fits poorly on your strangely shaped body.
Your system is resistant to poisons. (rPois)
You cover ground very slowly.
You can spit poison.
You have a snake-like lower body.


   Skills:
 - Level 2.0 Fighting
 + Level 4.9 Ranged Weapons
 - Level 1.5 Dodging
 - Level 1.5 Stealth


You had 2 spell levels left.
You didn't know any spells.
Your spell library was empty.

Inventory:

Hand Weapons
 Y - a +0 shortbow (weapon)
Armour
 c - a +0 leather armour (worn)
Jewellery
 d - a ring of fire
Potions
 b - a potion of lignification {unknown}
 h - a potion of curing {unknown}
 k - a potion of degeneration {unknown}
 l - a potion of haste {unknown}

Dungeon Overview and Level Annotations

Branches:
Dungeon (2/15)

Altars:

Annotations:
D:2 exclusion: gnoll


Message History

You kill the gnoll!
The gnoll completely misses you.
You shoot an arrow. The arrow hits the gnoll!
The gnoll is almost dead.
The gnoll hits you from afar with a +0 halberd!
Ouch! That really hurt!
The gnoll hits you from afar with a +0 halberd.
You have got your breath back.
The gnoll hits you from afar with a +0 halberd.
940 ||| FLEEEEING.
941 ||| FLEEEEING.
942 ||| INVOKING Spit Poison.
Aiming: Spit Poison (2% risk of failure)
Press: ? - help, Shift-Dir - straight line, f/p - gnoll The splash of poison hits the gnoll.
The gnoll is poisoned.
You kill the gnoll!
You shoot an arrow. The arrow completely misses the gnoll.
The gnoll hits you with a +0 whip.
944 ||| READING scroll of teleportation.
As you read the scroll of teleportation, it crumbles to dust.
You feel strangely unstable. The gnoll hits you with a +0 whip.
You shoot an arrow. The arrow hits the gnoll.
The gnoll is heavily wounded.
The gnoll closely misses you.
You shoot an arrow. The arrow barely misses the gnoll.
The gnoll barely misses you.
You shoot an arrow. The arrow completely misses the gnoll.
Your surroundings suddenly seem different. 2 dart slugs and a goblin come into view.
Found 16 gold pieces, a scroll labelled OMMOSCHIACK, a scale mail and 5 stones.
Found a stone staircase leading down.
The goblin shouts!
The goblin unwields a +0 club.
The goblin wields a +0 sling.
The goblin shoots a sling bullet.
The sling bullet hits you.
You shoot an arrow. The arrow hits the dart slug.
The dart slug is lightly wounded.
You have got your breath back.
The goblin shoots a sling bullet.
The sling bullet hits you.
You die...

#.(......#
#w.......#
#........#
###........#
....[......#
#..g.....#
#..?.....#
#..$$@w..#
##########


You could see 2 dart slugs and a goblin.

Vanquished Creatures
  3 gnolls (D:2)
  A dart slug (D:1)
  A ball python (D:1)
  An endoplasm (D:1)
  A giant cockroach (D:1)
  5 goblins
  4 hobgoblins
  A bat (D:1)
  2 kobolds
  A rat (D:1)
20 creatures vanquished.

Notes
Turn   | Place    | Note
-------+----------+-------------------------------------------
     0 | D:1      | qw the Naga Hunter began the quest for the Orb.
     0 | D:1      | Reached XP level 1. HP: 19/19 MP: 1/1
     0 | D:1      | 0 ||| qw: Version: 0.3-a-9-g12657ce
     0 | D:1      | 0 ||| qw: Game counter: 1188
     0 | D:1      | 0 ||| qw: Always use a shield: true
     0 | D:1      | 0 ||| qw: God list: Okawaru
     0 | D:1      | 0 ||| qw: Allow faded altars: false
     0 | D:1      | 0 ||| qw: Do Orc after D:15 true
     0 | D:1      | 0 ||| qw: Do second Lair branch before Depths: true
     0 | D:1      | 0 ||| qw: Lair rune preference: random
     0 | D:1      | 0 ||| qw: Plans: Normal
     0 | D:1      | 0 ||| PLANNING D:1-11
    11 | D:1      | 11 ||| INVOKING Spit Poison.
    14 | D:1      | 14 ||| INVOKING Spit Poison.
   152 | D:1      | 152 ||| INVOKING Spit Poison.
   239 | D:1      | 239 ||| INVOKING Spit Poison.
   328 | D:1      | 328 ||| INVOKING Spit Poison.
   329 | D:1      | 329 ||| Stepping ~*~*~tactically~*~*~ (outnumbered).
   332 | D:1      | 332 ||| INVOKING Spit Poison.
   334 | D:1      | Reached skill level 4 in Ranged Weapons
   334 | D:1      | Reached XP level 2. HP: 26/26 MP: 2/2
   336 | D:1      | 336 ||| INVOKING Spit Poison.
   373 | D:1      | 373 ||| INVOKING Spit Poison.
   392 | D:1      | 392 ||| INVOKING Spit Poison.
   580 | D:1      | 580 ||| INVOKING Spit Poison.
   665 | D:1      | 665 ||| INVOKING Spit Poison.
   712 | D:1      | 712 ||| READING scroll labelled GAASTE IS OKKE.
   715 | D:1      | 715 ||| READING scroll labelled RAJONA LIMIUB.
   716 | D:1      | 716 ||| READING scroll labelled MASE ZUNIBRITU.
   717 | D:1      | 717 ||| READING 2 scrolls labelled REMMIW FOIJ.
   718 | D:1      | 718 ||| READING scroll labelled DITZEA MUBUU.
   719 | D:1      | 719 ||| READING scroll labelled MOUH VIOCAINO.
   720 | D:1      | 720 ||| DROPPING scroll of butterflies.
   721 | D:1      | 721 ||| DROPPING scroll of poison.
   744 | D:2      | 744 ||| INVOKING Spit Poison.
   747 | D:2      | 747 ||| INVOKING Spit Poison.
   749 | D:2      | 749 ||| STAIRDANCE
   751 | D:1      | 751 ||| INVOKING Spit Poison.
   766 | D:2      | 766 ||| STAIRDANCE
   768 | D:1      | 768 ||| INVOKING Spit Poison.
   772 | D:1      | HP: 5/26 [goblin/+0 club (4)]
   862 | D:2      | 862 ||| INVOKING Spit Poison.
   908 | D:2      | 908 ||| INVOKING Spit Poison.
   928 | D:2      | 928 ||| INVOKING Spit Poison.
   931 | D:2      | 931 ||| INVOKING Spit Poison.
   932 | D:2      | Reached XP level 3. HP: 32/32 MP: 3/3
   935 | D:2      | 935 ||| INVOKING Spit Poison.
   940 | D:2      | 940 ||| FLEEEEING.
   941 | D:2      | 941 ||| FLEEEEING.
   942 | D:2      | 942 ||| INVOKING Spit Poison.
   943 | D:2      | HP: 6/32 [gnoll/+0 whip (5)]
   944 | D:2      | 944 ||| READING scroll of teleportation.
   947 | D:2      | HP: 1/32 [goblin/sling bullet (3)]
   948 | D:2      | Shot with a sling bullet by a goblin

Levels and vault maps discovered:
D:1:      dpeg_arrival_rooms_c, layout_loops_ring, minmay_split_cup_small
D:2:      layout_rooms

Skill      XL: |  1 |
---------------+----+-----
Ranged Weapons | 4 |  4.9
Fighting       | |  2.0
Dodging        | |  1.5
Stealth        | |  1.5

Action                     || total
---------------------------++-------
   Fire: Shortbow          ||    37
Ability: Spit Poison       ||    21
    Use: Scroll            ||     7
 Armour: Leather armour    ||     5
  Dodge: Dodged            ||    16

Table legend:
 A = Non-vault XP
 B = Vault XP
 C = Vault XP percentage of total XP
 D = Non-vault monster count
 E = Vault monster count
 F = Vault count percentage of total count
                 A         B        C        D         E       F
            +---------+---------+-------+---------+---------+-------
      Total |      68 |       6 |   8.1 |      17 |       3 |  15.0
            +---------+---------+-------+---------+---------+-------
        D:1 |      21 |       6 |  22.2 |      11 |       3 |  21.4
        D:2 |      47 |       0 |   0.0 |       6 |       0 |   0.0
            +---------+---------+-------+---------+---------+-------
